 Dungeon Crawl Stone Soup version 0.25-a0-503-ge281fa673e (webtiles) character file.

Game seed: 16187843045847115729, levelgen mode: deterministic

148 drasked the Conjurer (level 5, -3/35 HPs)
             Began as a Mummy Wizard on Feb 13, 2020.
             Slain by an orc priest
             ... wielding a +0 flail
              (12 damage)
             ... on level 3 of the Dungeon.
             The game lasted 00:11:10 (3813 turns).

drasked the Conjurer (Mummy Wizard)                 Turns: 3813, Time: 00:11:11

Health: -3/35      AC:  3    Str: 10    XL:     5   Next: 8%
Magic:  1/11       EV: 12    Int: 18    God:
Gold:   123        SH:  0    Dex: 11    Spells: 5/12 levels left

rFire    x . .     SeeInvis .   m - +2 whip (venom)
rCold    + . .     Gourm    .   (no shield)
rNeg     + + +     Faith    .   a - +0 robe
rPois    ∞         Spirit   .   b - +0 hat
rElec    .         Reflect  .   c - +0 cloak
rCorr    .         Harm     .   (no gloves)
MR       .....                  (no boots)
Stlth    ++........             (no amulet)
HPRegen  0.11/turn              (no ring)
MPRegen  0.12/turn              (no ring)

@: very slightly contaminated
A: no food or potions, fire vulnerability, cold resistance 1, negative energy
resistance 3, torment resistance, unbreathing
a: no special abilities


You were on level 3 of the Dungeon.
You were not hungry.

You visited 1 branch of the dungeon, and saw 3 of its levels.

You collected 123 gold pieces.

Inventory:

Hand Weapons
 m - a +2 whip of venom (weapon)
   (You found it on level 2 of the Dungeon)
Missiles
 j - 2 javelins
 Q - 110 stones (quivered)
Armour
 a - a +0 robe (worn)
 b - a +0 hat (worn)
 c - a +0 cloak (worn)
   (You found it on level 1 of the Dungeon)
Scrolls
 d - a scroll of fear {unknown}
 e - a scroll of blinking {unknown}
 f - a scroll of enchant weapon {unknown}
 g - a scroll of magic mapping {unknown}
 h - 5 scrolls of teleportation {unknown}
 i - a scroll of remove curse {unknown}
 k - a scroll of noise {unknown}
 l - a scroll of identify {unknown}


   Skills:
 - Level 1.5 Dodging
 - Level 1.5 Stealth
 - Level 4.0 Spellcasting
 + Level 4.1 Conjurations
   Level 0.7 Summonings
   Level 0.7 Translocations


You had 5 spell levels left.
You knew the following spells:

 Your Spells              Type           Power        Failure   Level  Hunger
a - Magic Dart            Conj           ###.         2%          1    N/A
c - Conjure Flame         Conj/Fire      ##......     19%         3    N/A
x - Mephitic Cloud        Conj/Pois/Air  #.......     26%         3    N/A

Your spell library contained the following spells:

 Spells                   Type           Power        Failure   Level  Hunger
 Blink                    Tloc           N/A          17%         2    N/A
 Call Imp                 Summ           #.......     17%         2    N/A
 Slow                     Hex            #.......     22%         2    N/A

Dungeon Overview and Level Annotations

Branches:
Dungeon (3/15)

Altars:
Xom

Annotations:
D:3 Sigmund


Innate Abilities, Weirdness & Mutations

You do not eat or drink.
Your flesh is vulnerable to fire.
You are immune to poison.
Your flesh is cold resistant. (rC+)
You are immune to negative energy. (rN+++)
You are immune to unholy pain and torment.
You can survive without breathing.


Message History

The gnoll closely misses you.
You hit the gnoll but do no damage.
The gnoll is poisoned.
The goblin closely misses you. The gnoll closely misses you.
You hit the gnoll but do no damage.
The gnoll looks even sicker.
You kill the gnoll!
The goblin hits you with a +0 club.
You hit the goblin. The goblin misses you.
You barely miss the goblin. The goblin barely misses you.
You hit the goblin.
You kill the goblin!
Things that are here:
a +0 club; 2 emerald potions
Things that are here:
a +0 spear; a gnoll corpse You start resting.
Your magical contamination has completely faded away.
You start resting.
You start resting.
Things that are here:
a +0 club; a +0 robe; a goblin corpse A quokka comes into view.
Aim: a quokka (hasn't noticed you)
The magic dart hits the quokka.
You kill the quokka!
You start resting.
A gnoll comes into view. It is wielding a +0 flail.
Aim: a gnoll, wielding a +0 flail (hasn't noticed you)
The magic dart hits the gnoll.
The gnoll shouts!
Aim: a gnoll, wielding a +0 flail (lightly wounded)
The magic dart hits the gnoll.
Aim: a gnoll, wielding a +0 flail (heavily wounded)
The magic dart hits the gnoll.
Aim: a gnoll, wielding a +0 flail (almost dead)
The magic dart hits the gnoll.
Aim: a gnoll, wielding a +0 flail (almost dead)
The magic dart hits the gnoll.
You kill the gnoll!
Your Conjurations skill increases to level 4!
You have reached level 5!
You feel agile.
Okay, then.
You start resting.
h - 5 scrolls labeled LUMMUA YTELIA (gained 1)
Things that are here:
a +0 flail; a gnoll corpse A gnoll comes into view.
It is wielding a +0 club.
Aim: a gnoll, wielding a +0 club (hasn't noticed you)
The magic dart hits the gnoll.
The gnoll shouts!
You hear a shout!
Aim: a gnoll, wielding a +0 club (moderately wounded)
The magic dart hits the gnoll.
Aim: a gnoll, wielding a +0 club (moderately wounded)
The magic dart hits the gnoll but does no damage.
Aim: a gnoll, wielding a +0 club (moderately wounded)
You miscast Magic Dart.
You are very lightly contaminated with residual magic.
Your bandages flutter.
Aim: a gnoll, wielding a +0 club (moderately wounded)
The magic dart hits the gnoll.
The gnoll misses you.
Aim: a gnoll, wielding a +0 club (heavily wounded)
The magic dart hits the gnoll.
The gnoll hits you with a +0 club.
Aim: a gnoll, wielding a +0 club (severely wounded)
The magic dart hits the gnoll.
You kill the gnoll!
You start resting.
An orc priest comes into view. It is wielding a +0 flail.
An orc priest is nearby!
Aim: an orc priest, wielding a +0 flail (hasn't noticed you)
The magic dart hits the orc priest.
Aim: an orc priest, wielding a +0 flail (moderately wounded)
The magic dart hits the orc priest but does no damage.
* * * LOW MAGIC WARNING * * *
Aim: an orc priest, wielding a +0 flail (moderately wounded)
The magic dart hits the orc priest but does no damage.
* * * LOW MAGIC WARNING * * *
Aim: an orc priest, wielding a +0 flail (moderately wounded)
The magic dart hits the orc priest but does no damage.
* * * LOW MAGIC WARNING * * *
Aim: an orc priest, wielding a +0 flail (moderately wounded)
The magic dart hits the orc priest.
* * * LOW MAGIC WARNING * * *
An orc comes into view.
The orc priest mumbles some strange prayers to Beogh against you.
Beogh smites you!
* * * LOW HITPOINT WARNING * * *
An orc comes into view.
Things that are here:
a +0 club; a coppery potion The orc shouts!
You hit the orc priest.
The orc priest calls down the wrath of Beogh upon you.
Beogh smites you!
* * * LOW HITPOINT WARNING * * *
You completely miss the orc priest.
The orc priest hits you with a +0 flail.
* * * LOW HITPOINT WARNING * * *
You barely miss the orc priest.
The orc priest hits you with a +0 flail!
You die...

#...#.# #
#...###.#
#.......#
#....####
#....#
###..# #).#
#..# #.@#
#.o......#
#..o......#
#.........#
#..o......#
..........#
####.#######
.##


You could see an orc priest and 2 orcs.

Levels and vault maps discovered:
D:1:      minmay_arrival_floating_metal, layout_loops_cross, minivault_14,
          hex_tiny
D:2:      layout_basic, general_overflow_altar, serial_glass, glass_columns_a,
          glass_columns_b, glass_columns_a, glass_columns_b, glass_columns_a,
          glass_columns_c
D:3:      layout_basic, first_ration, uniq_natasha, uniq_sigmund, uniq_jessica

Notes
Turn   | Place    | Note
-------+----------+-------------------------------------------
     0 | D:1      | drasked the Mummy Wizard began the quest for the Orb.
     0 | D:1      | Reached XP level 1. HP: 13/13 MP: 5/5
    30 | D:1      | Identified a +0 cloak (You found it on level 1 of the
                  | Dungeon)
    55 | D:1      | Identified a +0 club
   102 | D:1      | Reached skill level 1 in Conjurations
   105 | D:1      | Identified a +0 whip (You found it on level 1 of the
                  | Dungeon)
   292 | D:1      | Identified a +0 club
   367 | D:1      | Identified a +0 club
   371 | D:1      | Identified a +0 club
   459 | D:1      | Reached XP level 2. HP: 19/19 MP: 4/7
   690 | D:1      | Reached skill level 2 in Conjurations
   905 | D:1      | Identified a +0 club
   939 | D:1      | Identified a +0 club
  1153 | D:1      | Identified a +0 dagger
  1157 | D:1      | Reached XP level 3. HP: 24/24 MP: 3/8
  1263 | D:1      | Identified a +0 club
  1274 | D:1      | Identified a +0 club
  1306 | D:1      | Identified a +0 club
  1310 | D:1      | Identified a +0 mace
  1310 | D:1      | Identified a +0 hunting sling
  1558 | D:1      | Identified a +0 club
  1816 | D:2      | Identified a cursed -2 club
  2068 | D:2      | Reached skill level 3 in Conjurations
  2137 | D:2      | Learned a level 3 spell: Mephitic Cloud
  2141 | D:2      | Learned a level 3 spell: Conjure Flame
  2196 | D:2      | Noticed an ice beast
  2241 | D:2      | Identified a +2 whip of venom (You found it on level 2 of
                  | the Dungeon)
  2298 | D:2      | Identified a +0 club
  2354 | D:2      | Identified a +0 short sword
  2410 | D:2      | HP: 5/24 [ice beast (3)]
  2870 | D:2      | HP: 5/24 [ice beast (6)]
  2892 | D:2      | HP: 6/24 [ice beast (1)]
  2892 | D:2      | HP: 1/24 [ice beast (5)]
  3287 | D:2      | Identified a +0 club
  3323 | D:2      | Found a shimmering altar of Xom.
  3400 | D:3      | Identified a +0 club
  3400 | D:3      | Identified a +0 robe
  3400 | D:3      | Noticed Jessica
  3406 | D:3      | Noticed Natasha
  3407 | D:3      | Killed Jessica
  3407 | D:3      | Reached XP level 4. HP: 30/30 MP: 2/10
  3477 | D:3      | Killed Natasha
  3578 | D:3      | Identified a +0 scythe
  3578 | D:3      | Identified a +0 robe
  3578 | D:3      | Noticed Sigmund
  3611 | D:3      | Identified a +0 club
  3611 | D:3      | Identified a +0 robe
  3611 | D:3      | Identified a +0 spear
  3618 | D:3      | Identified a +0 club
  3735 | D:3      | Identified a +0 flail
  3741 | D:3      | Reached skill level 4 in Conjurations
  3741 | D:3      | Reached XP level 5. HP: 35/35 MP: 5/11
  3793 | D:3      | Identified a +0 club
  3804 | D:3      | Identified a +0 flail
  3810 | D:3      | Identified a +0 leather armour
  3813 | D:3      | Slain by an orc priest

Table legend:
 A = Turns spent in this place as a percentage of turns spent in the entire game.
 B = Non-inter-level travel turns spent in this place as a percentage of non-inter-level travel turns spent in the entire game.
 C = Inter-level travel turns spent in this place as a percentage of turns spent in this place.
 D = Turns resting spent in this place as a percentage of non-inter-level travel turns spent in this place.
 E = Turns spent auto-exploring this place as a percentage of non-inter-level travel turns spent in this place.
 F = Non-inter-level travel turns spent in this place divided by the number of levels of this place that you've seen.
                   A       B       C       D       E      F
               +-------+-------+-------+-------+-------+----------------------
         Total | 100.0 | 100.0 |   3.8 |  52.0 |  29.6 | 1223.0
       Dungeon | 100.0 | 100.0 |   3.8 |  52.0 |  29.6 | 1223.0
               +-------+-------+-------+-------+-------+----------------------

Table legend:
 A = Kills in this place as a percentage of kills in entire the game.
 B = Kills by you in this place as a percentage of kills by you in the entire game.
 C = Kills by friends in this place as a percentage of kills by friends in the entire game.
 D = Other kills in this place as a percentage of other kills in the entire game.
 E = Experience gained in this place as a percentage of experience gained in the entire game.
 F = Experience gained in this place divided by the number of levels of this place that you have seen.
                   A       B       C       D       E      F
               +-------+-------+-------+-------+-------+----------------------
         Total | 100.0 | 100.0 |   N/A |   N/A | 100.0 |  70.7
       Dungeon | 100.0 | 100.0 |   N/A |   N/A | 100.0 |  70.7
               +-------+-------+-------+-------+-------+----------------------

Skill      XL: |  1  2  3  4 |
---------------+-------------+-----
Conjurations   | 1 2 3 4 |  4.1
Dodging        | |  1.5
Stealth        | |  1.5
Spellcasting   | |  4.0
Summonings     | |  0.7
Translocations | |  0.7

Action                   |  1- 3 |  4- 6 || total
-------------------------+-------+-------++-------
Melee: Whip              |    19 |    11 ||    30
 Cast: Magic Dart        |   120 |    33 ||   153
       Conjure Flame     |     5 |       ||     5
       Mephitic Cloud    |     1 |     1 ||     2
Armor: Robe              |     9 |     7 ||    16
Dodge: Dodged            |    24 |    18 ||    42

Vanquished Creatures
  Jessica (D:3)
  Natasha (D:3)
  3 gnolls (D:3)
  An ooze (D:2)
  3 dart slugs
  3 leopard geckos
  2 giant cockroaches
  8 goblins
  12 hobgoblins
  3 jackals (D:1)
  A quokka (D:3)
  8 bats
  A frilled lizard (D:2)
  3 kobolds
  5 rats (D:1)
55 creatures vanquished.
